Inferno vs Ice Dragons
Created - December 21, 2019 at 19:03
Goals
|
| Inferno |
0 |
2 |
2 |
4 |
| Ice Dragons |
2 |
2 |
1 |
5 |
|
Shots
|
| Inferno |
12 |
9 |
9 |
30 |
| Ice Dragons |
6 |
7 |
14 |
27 |
|
1st period
1. Ice Dragons , Brandon Kozun 5 (Brian Boyle 12, Billy Sweat 15) at 8:43
2. Ice Dragons , William Carrier 9 (Sam Carrick 11, Kevin Connauton 7) at 19:36
Penalties :
Christian Folin (Anc) for Hooking (Minor) at 1:48, Logan MacMillan (Kin) for Hooking (Minor) at 12:31
2nd period
3. Ice Dragons , Billy Sweat 9 (Brandon Kozun 8) at 2:05 (SH)
4. Inferno , Anders Lee 15 (Tanner Pearson 12, Esa Lindell 19) at 2:35
5. Ice Dragons , Sam Carrick 6 (William Carrier 9, Kevin Connauton 8) at 4:30
6. Inferno , Matthew Nieto 11 (Philip Varone 9, Colby Robak 8) at 9:33
Penalties :
Brayden McNabb (Kin) for Delaying the game (Minor) at 0:18, Colby Robak (Anc) for Holding (Minor) at 6:19, Samuel Groulx (Kin) for Cross-checking (Minor) at 17:26
3rd period
7. Inferno , Kevin Labanc 9 (Philip Varone 10) at 1:31
8. Inferno , Mathieu Brodeur 2 (Anders Lee 18, Bryan Rust 15) at 12:28
9. Ice Dragons , Dmitri Orlov 4 (Brian Boyle 13, Brandon Kozun 9) at 18:51 (PP)
Penalties :
Colby Robak (Anc) for Hooking (Minor) at 16:52
Goalie Stats
Christopher Gibson (Anc), 7 saves from 11 shots - (0.636), 24:30 minutes
Michael Hutchinson (Anc), 15 saves from 16 shots - (0.938), L, 4-5-1, 34:35 minutes
Harru Sateri (Kin), 26 saves from 30 shots - (0.867), W, 11-9-4, 60:00 minutes
Players Stats for Inferno
Player Name G A P +/- PIM S H SB GA TA FO MP PP MP PK MP
------------------------------------------------------------------------------------
Anders Lee 1 1 2 0 0 4 2 0 4 0 14/27 20:55 3:13 1:34
Bryan Rust 0 1 1 0 0 3 2 0 0 0 0/0 17:52 0:00 1:56
Christian Folin 0 0 0 0 2 0 1 1 2 0 0/0 22:18 2:07 1:52
Colby Robak 0 1 1 1 4 1 2 1 1 1 0/0 19:38 2:07 1:10
David Savard 0 0 0 0 0 1 0 2 1 1 0/0 25:13 3:50 3:41
Esa Lindell 0 1 1 1 0 1 0 2 0 2 0/0 25:01 3:50 2:41
Greg Pateryn 0 0 0 -1 0 0 1 0 0 0 0/0 12:59 0:00 0:00
Kevin Labanc 1 0 1 0 0 3 1 0 0 0 0/2 14:34 2:41 0:00
Mathieu Brodeur 1 0 1 0 0 1 1 1 0 0 0/0 16:14 0:00 2:30
Matt Kassian 0 0 0 0 0 1 2 2 0 0 0/1 12:43 0:00 0:40
Matthew Nieto 1 0 1 0 0 5 4 0 0 0 0/0 15:37 2:41 3:04
Oliver Bjorkstrand 0 0 0 -1 0 1 2 0 0 0 0/0 13:14 3:12 0:00
Peter Cehlarik 0 0 0 0 0 0 3 0 0 1 0/0 9:48 0:03 0:00
Philip Varone 0 2 2 1 0 1 2 1 0 0 7/12 15:47 0:03 3:49
Ryan Spooner 0 0 0 0 0 4 0 0 0 0 2/3 9:40 0:00 0:00
Tanner Pearson 0 1 1 0 0 2 2 0 0 0 1/1 19:38 3:13 0:17
Tyler Shattock 0 0 0 0 0 0 0 0 0 0 0/0 9:52 0:04 0:00
Victor Rask 0 0 0 -1 0 2 1 0 1 1 1/3 12:57 2:41 0:34
Players Stats for Ice Dragons
Player Name G A P +/- PIM S H SB GA TA FO MP PP MP PK MP
------------------------------------------------------------------------------------
Adam Clendening 0 0 0 0 0 0 1 1 0 0 0/0 13:31 0:00 1:58
Alex Plante 0 0 0 1 0 1 1 0 0 1 0/0 10:45 0:00 0:00
Billy Sweat 1 1 2 2 0 2 1 1 0 1 2/2 8:01 0:39 1:12
Brandon Kozun 1 2 3 2 0 4 0 0 1 0 0/0 19:10 1:51 1:46
Brayden McNabb 0 0 0 -1 2 2 1 1 0 0 0/0 27:17 4:36 2:09
Brian Boyle 0 2 2 0 0 2 4 0 0 1 11/28 21:03 1:50 3:21
Chris Wagner 0 0 0 1 0 0 1 0 0 0 0/0 9:13 0:15 0:00
Corban Knight 0 0 0 -3 0 4 1 1 1 0 6/12 21:00 3:40 3:15
Dmitri Orlov 1 0 1 0 0 2 2 0 1 1 0/0 19:13 1:21 2:21
Emil Pettersson 0 0 0 0 0 2 0 0 0 0 2/3 9:52 0:00 0:09
Juho Lammikko 0 0 0 0 0 0 1 0 0 0 0/0 9:21 0:00 0:00
Justin Shugg 0 0 0 -2 0 2 1 0 0 0 0/0 17:21 3:40 0:00
Kevin Connauton 0 2 2 -1 0 1 2 0 1 1 0/0 26:42 4:36 3:36
Logan MacMillan 0 0 0 -2 2 0 0 0 0 0 1/1 17:21 3:40 0:00
Michael Ferland 0 0 0 0 0 0 1 0 0 0 0/0 13:02 0:15 1:07
Robin Norell 0 0 0 0 0 0 0 0 0 0 0/0 5:36 0:00 0:17
Sam Carrick 1 1 2 1 0 1 0 0 0 2 2/3 15:24 1:23 0:37
Samuel Groulx 0 0 0 0 2 1 0 0 1 2 0/0 18:20 1:21 1:33
William Carrier 1 1 2 1 0 3 1 0 1 0 0/0 11:05 0:38 0:27
3 Stars
1 - Brandon Kozun (Kin)
2 - Billy Sweat (Kin)
3 - William Carrier (Kin)
Power Play
Inferno - 0 on 3 Attempt(s) - 0.00%
Ice Dragons - 1 on 3 Attempt(s) - 33.33%
Penalty Kill
Inferno - 2 on 3 Attempt(s) - 66.67%
- Score 0 goal in Penalty Kill
Ice Dragons - 3 on 3 Attempt(s) - 100.00%
- Score 1 goal in Penalty Kill
Team Stat
Inferno - Hits : 26 - Faceoff Wins : 25 - Blocked Shots : 10 - Penalty Minutes : 6
Ice Dragons - Hits : 18 - Faceoff Wins : 24 - Blocked Shots : 4 - Penalty Minutes : 6
Official
Referees : Unknown
Linesman : Unknown
Game Notes
Michael Hutchinson enters game at 4:30 of 2nd period
Billy Sweat is injured at 4:48 of 2nd period (Bruised Right Arm)
Finance
Level 1 -- Attendance: 1416 (70.80%) -- Ticket Income $56,640
Level 2 -- Attendance: 694 (69.40%) -- Ticket Income $13,880
Total Attendance: 2110 (70.33%)
Total Ticket Income: $70,520
Other Income: $3,526
Total Income: $74,046
Inferno
5 vs 5 Forward
Center Left Wing Right Wing Time % Phy DF OF
1 Anders Lee Tanner Pearson Bryan Rust 40 1 2 2
2 Philip Varone Matt Kassian Kevin Labanc 30 1 2 2
3 Victor Rask Matthew Nieto Oliver Bjorkstrand 20 1 2 2
4 Ryan Spooner Peter Cehlarik Tyler Shattock 10 1 2 2
5 vs 5 Defense
Defense Defense Time % Phy DF OF
1 Esa Lindell David Savard 40 1 2 2
2 Colby Robak Christian Folin 30 1 2 2
3 Greg Pateryn Mathieu Brodeur 20 1 2 2
4 Colby Robak Christian Folin 10 1 2 2
PowerPlay Forward
Center Left Wing Right Wing Time % Phy DF OF
1 Anders Lee Tanner Pearson Oliver Bjorkstrand 60 1 2 2
2 Victor Rask Matthew Nieto Kevin Labanc 40 1 2 2
PowerPlay Defense
Defense Defense Time % Phy DF OF
1 Esa Lindell David Savard 60 1 2 2
2 Colby Robak Christian Folin 40 1 2 2
Penalty Kill 4 Players Forward
Center Wing Time % Phy DF OF
1 Philip Varone Bryan Rust 60 1 2 2
2 Philip Varone Matt Kassian 40 1 2 2
Penalty Kill 4 Players Defense
Defense Defense Time % Phy DF OF
1 Colby Robak Christian Folin 60 1 2 2
2 Mathieu Brodeur David Savard 40 1 2 2
Penalty Kill - 3 Players Forward
Forward Time % Phy DF OF
1 Bryan Rust 60 1 2 2
2 Matt Kassian 40 1 2 2
Penalty Kill - 3 Players Defense
Defense Defense Time % Phy DF OF
1 Colby Robak Christian Folin 60 1 2 2
2 Mathieu Brodeur David Savard 40 1 2 2
4 vs 4 Forward
Center Wing Time % Phy DF OF
1 Anders Lee Bryan Rust 60 1 2 2
2 Philip Varone Matt Kassian 40 1 2 2
4 vs 4 Defense
Defense Defense Time % Phy DF OF
1 Esa Lindell David Savard 60 1 2 2
2 Colby Robak Christian Folin 40 1 2 2
Last Minutes Offensive
Center Left Wing Right Wing Defense Defense
Anders Lee Tanner Pearson Bryan Rust Esa Lindell Christian Folin
Last Minutes Defensive
Center Left Wing Right Wing Defense Defense
Anders Lee Tanner Pearson Bryan Rust Colby Robak David Savard
Goaltenders
Starting : Christopher Gibson
Backup : Michael Hutchinson
Extra Forwards
Normal : Bryan Rust, Matthew Nieto, Oliver Bjorkstrand - PP : Matthew Nieto, Oliver Bjorkstrand - PK : Bryan Rust
Extra Defensemen
Normal : David Savard, Colby Robak, Mathieu Brodeur - PP : Esa Lindell - PK : David Savard, Mathieu Brodeur
Penalty Shots
Anders Lee, Tanner Pearson, Oliver Bjorkstrand, Victor Rask, Bryan Rust
Scratches
Chris Brown (Healthy), Frank Corrado (Bruised Right Foot Injury), Trevor Carrick (Healthy), Petteri Lindbohm (Healthy), Eric Karlsson (Healthy)
John Gilmour (Healthy), Vladimir Zharkov (Healthy), Ryan Donato (Healthy), Vladislav Kamenev (Healthy), Dominik Masin (Healthy)
Brandon Hickey (Healthy), Nathan Lieuwen (Healthy), Vitek Vanecek (Healthy)
Ice Dragons
5 vs 5 Forward
Center Left Wing Right Wing Time % Phy DF OF
1 Brian Boyle Billy Sweat Brandon Kozun 40 1 2 2
2 Corban Knight Logan MacMillan Justin Shugg 30 1 2 2
3 Sam Carrick William Carrier Chris Wagner 20 1 2 2
4 Emil Pettersson Michael Ferland Juho Lammikko 10 1 2 2
5 vs 5 Defense
Defense Defense Time % Phy DF OF
1 Brayden McNabb Kevin Connauton 40 1 2 2
2 Dmitri Orlov Samuel Groulx 30 1 2 2
3 Alex Plante Adam Clendening 20 1 2 2
4 Robin Norell Brayden McNabb 10 1 2 2
PowerPlay Forward
Center Left Wing Right Wing Time % Phy DF OF
1 Brian Boyle Billy Sweat Brandon Kozun 60 1 2 2
2 Corban Knight Logan MacMillan Justin Shugg 40 1 2 2
PowerPlay Defense
Defense Defense Time % Phy DF OF
1 Brayden McNabb Kevin Connauton 60 1 2 2
2 Dmitri Orlov Samuel Groulx 40 1 2 2
Penalty Kill 4 Players Forward
Center Wing Time % Phy DF OF
1 Brian Boyle Corban Knight 60 1 4 0
2 Billy Sweat Brandon Kozun 40 1 4 0
Penalty Kill 4 Players Defense
Defense Defense Time % Phy DF OF
1 Brayden McNabb Kevin Connauton 60 1 4 0
2 Dmitri Orlov Samuel Groulx 40 1 4 0
Penalty Kill - 3 Players Forward
Forward Time % Phy DF OF
1 Brian Boyle 60 1 4 0
2 Corban Knight 40 1 4 0
Penalty Kill - 3 Players Defense
Defense Defense Time % Phy DF OF
1 Brayden McNabb Kevin Connauton 60 1 4 0
2 Dmitri Orlov Samuel Groulx 40 1 4 0
4 vs 4 Forward
Center Wing Time % Phy DF OF
1 Brian Boyle Corban Knight 60 1 2 2
2 Billy Sweat Brandon Kozun 40 1 2 2
4 vs 4 Defense
Defense Defense Time % Phy DF OF
1 Brayden McNabb Kevin Connauton 60 1 2 2
2 Dmitri Orlov Samuel Groulx 40 1 2 2
Last Minutes Offensive
Center Left Wing Right Wing Defense Defense
Brian Boyle Billy Sweat Brandon Kozun Brayden McNabb Kevin Connauton
Last Minutes Defensive
Center Left Wing Right Wing Defense Defense
Brian Boyle Billy Sweat Brandon Kozun Brayden McNabb Kevin Connauton
Goaltenders
Starting : Harru Sateri
Backup : Oscar Dansk
Extra Forwards
Normal : Sam Carrick, William Carrier, Michael Ferland - PP : Sam Carrick, William Carrier - PK : Michael Ferland
Extra Defensemen
Normal : Alex Plante, Adam Clendening, Robin Norell - PP : Alex Plante - PK : Adam Clendening, Robin Norell
Penalty Shots
Brian Boyle, Corban Knight, Billy Sweat, Brandon Kozun, Logan MacMillan
Scratches
Thomas Gobeil (Healthy), Theodor Blueger (Healthy), Jordan LaVallee (Suspend), Alex Henriksson (Healthy), Cole Ully (Healthy)
Christian Djoos (Healthy)
% Time on Ice - Inferno
Lines # - Real PCT - Wanted PCT - Time Play
Normal Forward
1 - 35% - 40% - 16:22
2 - 25% - 30% - 11:42
3 - 19% - 20% - 9:01
4 - 21% - 10% - 9:53
Normal Defense
1 - 39% - 40% - 18:25
2 - 28% - 30% - 13:07
3 - 28% - 20% - 12:59
4 - 5% - 10% - 2:27
PP Forward
1 - 55% - 60% - 3:16
2 - 45% - 40% - 2:41
PP Defense
1 - 64% - 60% - 3:50
2 - 36% - 40% - 2:07
PK Forward
1 - 89% - 60% - 5:17
2 - 11% - 40% - 0:40
PK Defense
1 - 82% - 60% - 4:52
2 - 18% - 40% - 1:05
PK3 Forward
1 - 0% - 60%
2 - 0% - 40%
PK3 Defense
1 - 0% - 60%
2 - 0% - 40%
44 Forward
1 - 0% - 60%
2 - 0% - 40%
44 Defense
1 - 0% - 60%
2 - 0% - 40%
Last Minute Offensive - 1:08
Last Minute Defensive - 0:00
Total
Forward - 60:00
Defense - 60:00
|
% Time on Ice - Ice Dragons
Lines # - Real PCT - Wanted PCT - Time Play
Normal Forward
1 - 38% - 40% - 17:55
2 - 28% - 30% - 12:59
3 - 16% - 20% - 7:28
4 - 18% - 10% - 8:36
Normal Defense
1 - 37% - 40% - 17:27
2 - 32% - 30% - 15:14
3 - 22% - 20% - 10:33
4 - 8% - 10% - 3:44
PP Forward
1 - 38% - 60% - 2:17
2 - 62% - 40% - 3:40
PP Defense
1 - 77% - 60% - 4:36
2 - 23% - 40% - 1:21
PK Forward
1 - 70% - 60% - 4:11
2 - 30% - 40% - 1:46
PK Defense
1 - 61% - 60% - 3:36
2 - 39% - 40% - 2:21
PK3 Forward
1 - 0% - 60%
2 - 0% - 40%
PK3 Defense
1 - 0% - 60%
2 - 0% - 40%
44 Forward
1 - 0% - 60%
2 - 0% - 40%
44 Defense
1 - 0% - 60%
2 - 0% - 40%
Last Minute Offensive - 0:00
Last Minute Defensive - 1:08
Total
Forward - 60:00
Defense - 60:00
|
Play-by-Play
1st period
0:01 of 1st period - Brian Boyle wins face-off versus Anders Lee in neutral zone.
0:10 of 1st period - Backhand shot by Tanner Pearson.
0:10 of 1st period - Shot Misses the Net.
0:12 of 1st period - Snap shot by Bryan Rust.
0:12 of 1st period - Deflect By Tanner Pearson.
0:12 of 1st period - Shot Misses the Net.
0:12 of 1st period - Puck is out of play.
0:13 of 1st period - Corban Knight wins face-off versus Kevin Labanc in Ice Dragons zone.
0:39 of 1st period - William Carrier is hit by Matthew Nieto and loses puck.
0:44 of 1st period - Slapshot by Matthew Nieto.
0:44 of 1st period - Stopped by Harru Sateri without a rebound.
0:45 of 1st period - Victor Rask wins face-off versus Brian Boyle in Ice Dragons zone.
0:54 of 1st period - Snap shot by Oliver Bjorkstrand.
0:54 of 1st period - Stopped by Harru Sateri without a rebound.
0:55 of 1st period - Anders Lee wins face-off versus Brian Boyle in Ice Dragons zone.
1:48 of 1st period - Minor Penalty to Christian Folin for Hooking.
1:49 of 1st period - Philip Varone wins face-off versus Corban Knight in Inferno zone.
3:48 of 1st period - Penalty to Christian Folin is over, Christian Folin is back on ice.
4:01 of 1st period - Samuel Groulx is hit by Peter Cehlarik and loses puck.
4:20 of 1st period - Snap shot by Matt Kassian.
4:20 of 1st period - Stopped by Harru Sateri with a rebound.
4:40 of 1st period - Slapshot by Dmitri Orlov.
4:40 of 1st period - Shot Blocked by Christian Folin.
4:55 of 1st period - Corban Knight is hit by Tanner Pearson.
5:18 of 1st period - Sam Carrick is hit by Philip Varone and loses puck.
5:57 of 1st period - Brayden McNabb is hit by Bryan Rust and loses puck.
6:04 of 1st period - Snap shot by Tanner Pearson.
6:04 of 1st period - Shot Blocked by Brayden McNabb.
6:14 of 1st period - David Savard is hit by Corban Knight and loses puck.
6:36 of 1st period - William Carrier is hit by Matthew Nieto and loses puck.
6:47 of 1st period - Brandon Kozun is hit by Colby Robak and loses puck.
7:07 of 1st period - Logan MacMillan is hit by Greg Pateryn and loses puck.
8:10 of 1st period - Snap shot by Sam Carrick.
8:10 of 1st period - Shot Misses the Net.
8:12 of 1st period - Slapshot by Samuel Groulx.
8:12 of 1st period - Deflect By Brandon Kozun.
8:12 of 1st period - Stopped by Christopher Gibson with a rebound.
8:14 of 1st period - Slapshot by Brandon Kozun.
8:14 of 1st period - Stopped by Christopher Gibson without a rebound.
8:15 of 1st period - Billy Sweat wins face-off versus Anders Lee in Inferno zone.
8:43 of 1st period - Snap shot by Brandon Kozun.
8:43 of 1st period - Goal by Brandon Kozun - Inferno : 0 - Ice Dragons : 1.
8:44 of 1st period - Anders Lee wins face-off versus Corban Knight in neutral zone.
8:47 of 1st period - Wrist shot by Bryan Rust.
8:47 of 1st period - Stopped by Harru Sateri without a rebound.
8:48 of 1st period - Corban Knight wins face-off versus Anders Lee in Ice Dragons zone.
8:55 of 1st period - Esa Lindell is hit by Kevin Connauton and loses puck.
10:02 of 1st period - Dmitri Orlov is hit by Oliver Bjorkstrand and loses puck.
10:17 of 1st period - Samuel Groulx is hit by Christian Folin and loses puck.
10:26 of 1st period - Snap shot by Tanner Pearson.
10:26 of 1st period - Stopped by Harru Sateri without a rebound.
10:27 of 1st period - Brian Boyle wins face-off versus Anders Lee in Ice Dragons zone.
10:37 of 1st period - Brian Boyle is hit by Bryan Rust and loses puck.
10:59 of 1st period - Kevin Labanc is hit by Dmitri Orlov.
12:31 of 1st period - Minor Penalty to Logan MacMillan for Hooking.
12:32 of 1st period - Brian Boyle wins face-off versus Anders Lee in Ice Dragons zone.
12:32 of 1st period - Brian Boyle is hit by Anders Lee.
13:48 of 1st period - Victor Rask is hit by Kevin Connauton.
14:05 of 1st period - Esa Lindell is hit by Billy Sweat and loses puck.
14:22 of 1st period - Brian Boyle is hit by Kevin Labanc and loses puck.
14:31 of 1st period - Penalty to Logan MacMillan is over, Logan MacMillan is back on ice.
14:45 of 1st period - Wrist shot by Ryan Spooner.
14:45 of 1st period - Stopped by Harru Sateri without a rebound.
14:46 of 1st period - Ryan Spooner wins face-off versus Emil Pettersson in Ice Dragons zone.
14:53 of 1st period - Slapshot by Ryan Spooner.
14:53 of 1st period - Stopped by Harru Sateri with a rebound.
14:55 of 1st period - Slapshot by Ryan Spooner.
14:55 of 1st period - Stopped by Harru Sateri without a rebound.
14:56 of 1st period - Emil Pettersson wins face-off versus Ryan Spooner in Ice Dragons zone.
16:03 of 1st period - Christian Folin is hit by Juho Lammikko and loses puck.
16:10 of 1st period - Slapshot by Colby Robak.
16:10 of 1st period - Stopped by Harru Sateri with a rebound.
16:29 of 1st period - Snap shot by Michael Ferland.
16:29 of 1st period - Shot Misses the Net.
16:32 of 1st period - Icing by Christian Folin.
16:33 of 1st period - Ryan Spooner wins face-off versus Brian Boyle in Inferno zone.
16:33 of 1st period - Ryan Spooner is hit by Brian Boyle.
17:36 of 1st period - Chris Wagner is hit by Matthew Nieto and loses puck.
18:01 of 1st period - Snap shot by Bryan Rust.
18:01 of 1st period - Stopped by Harru Sateri with a rebound.
18:03 of 1st period - Snap shot by Anders Lee.
18:03 of 1st period - Stopped by Harru Sateri without a rebound.
18:04 of 1st period - Corban Knight wins face-off versus Matt Kassian in Ice Dragons zone.
18:33 of 1st period - Slapshot by Victor Rask.
18:33 of 1st period - Stopped by Harru Sateri with a rebound.
18:55 of 1st period - Snap shot by Corban Knight.
18:55 of 1st period - Stopped by Christopher Gibson with a rebound.
19:03 of 1st period - Wrist shot by Corban Knight.
19:03 of 1st period - Stopped by Christopher Gibson without a rebound.
19:04 of 1st period - Anders Lee wins face-off versus Brian Boyle in Inferno zone.
19:29 of 1st period - Kevin Connauton is hit by Matt Kassian and loses puck.
19:36 of 1st period - Wrist shot by William Carrier.
19:36 of 1st period - Goal by William Carrier - Inferno : 0 - Ice Dragons : 2.
19:37 of 1st period - Anders Lee wins face-off versus Brian Boyle in neutral zone.
19:46 of 1st period - Snap shot by Billy Sweat.
19:46 of 1st period - Shot Misses the Net.
19:48 of 1st period - Wrist shot by Billy Sweat.
19:48 of 1st period - Shot Misses the Net.
19:50 of 1st period - Snap shot by Brian Boyle.
19:50 of 1st period - Shot Misses the Net.
Goals for this period are 0 for Inferno vs 2 for Ice Dragons.
Shots for this period are 12 for Inferno vs 6 for Ice Dragons.
2nd period
0:01 of 2nd period - Tanner Pearson wins face-off versus Brian Boyle in neutral zone.
0:18 of 2nd period - Minor Penalty to Brayden McNabb for Delaying the game.
0:19 of 2nd period - Anders Lee wins face-off versus Brian Boyle in Ice Dragons zone.
0:32 of 2nd period - Snap shot by Anders Lee.
0:32 of 2nd period - Shot Misses the Net.
1:09 of 2nd period - Slapshot by David Savard.
1:09 of 2nd period - Deflect By Victor Rask.
1:09 of 2nd period - Stopped by Harru Sateri without a rebound.
1:10 of 2nd period - Brian Boyle wins face-off versus Anders Lee in Ice Dragons zone.
2:01 of 2nd period - Wrist shot by Billy Sweat.
2:01 of 2nd period - Stopped by Christopher Gibson without a rebound.
2:02 of 2nd period - Billy Sweat wins face-off versus Anders Lee in Inferno zone.
2:05 of 2nd period - Slapshot by Billy Sweat.
2:05 of 2nd period - Goal by Billy Sweat - Inferno : 0 - Ice Dragons : 3.
2:06 of 2nd period - Anders Lee wins face-off versus Brian Boyle in neutral zone.
2:09 of 2nd period - Snap shot by Tanner Pearson.
2:09 of 2nd period - Stopped by Harru Sateri with a rebound.
2:11 of 2nd period - Snap shot by Oliver Bjorkstrand.
2:11 of 2nd period - Shot Misses the Net.
2:13 of 2nd period - Slapshot by David Savard.
2:13 of 2nd period - Shot Misses the Net.
2:15 of 2nd period - Backhand shot by David Savard.
2:15 of 2nd period - Stopped by Harru Sateri without a rebound.
2:16 of 2nd period - Anders Lee wins face-off versus Brian Boyle in Ice Dragons zone.
2:18 of 2nd period - Penalty to Brayden McNabb is over, Brayden McNabb is back on ice.
2:35 of 2nd period - Snap shot by Anders Lee.
2:35 of 2nd period - Goal by Anders Lee - Inferno : 1 - Ice Dragons : 3.
2:36 of 2nd period - Anders Lee wins face-off versus Brian Boyle in neutral zone.
3:03 of 2nd period - Kevin Labanc is hit by Justin Shugg and loses puck.
3:12 of 2nd period - Snap shot by Corban Knight.
3:12 of 2nd period - Shot Blocked by David Savard.
3:30 of 2nd period - Slapshot by Esa Lindell.
3:30 of 2nd period - Stopped by Harru Sateri without a rebound.
3:31 of 2nd period - Anders Lee wins face-off versus Brian Boyle in Ice Dragons zone.
4:24 of 2nd period - Snap shot by William Carrier.
4:24 of 2nd period - Stopped by Christopher Gibson with a rebound.
4:26 of 2nd period - Snap shot by Sam Carrick.
4:26 of 2nd period - Shot Misses the Net.
4:28 of 2nd period - Slapshot by Kevin Connauton.
4:28 of 2nd period - Deflect By William Carrier.
4:28 of 2nd period - Stopped by Christopher Gibson with a rebound.
4:30 of 2nd period - Snap shot by Sam Carrick.
4:30 of 2nd period - Goal by Sam Carrick - Inferno : 1 - Ice Dragons : 4.
4:30 of 2nd period - Michael Hutchinson enters game.
4:31 of 2nd period - Anders Lee wins face-off versus Brian Boyle in neutral zone.
4:46 of 2nd period - Snap shot by Bryan Rust.
4:46 of 2nd period - Stopped by Harru Sateri with a rebound.
4:48 of 2nd period - Slapshot by David Savard.
4:48 of 2nd period - Shot Blocked by Billy Sweat.
4:48 of 2nd period - Billy Sweat from Ice Dragons is injured at 4:48 of 2nd period (Bruised Right Arm).
4:49 of 2nd period - Anders Lee wins face-off versus Brian Boyle in Ice Dragons zone.
5:53 of 2nd period - Justin Shugg is hit by Anders Lee and loses puck.
6:19 of 2nd period - Minor Penalty to Colby Robak for Holding.
6:20 of 2nd period - Sam Carrick wins face-off versus Philip Varone in Inferno zone.
6:22 of 2nd period - Snap shot by Brian Boyle.
6:22 of 2nd period - Stopped by Michael Hutchinson with a rebound.
6:24 of 2nd period - Wrist shot by Brandon Kozun.
6:24 of 2nd period - Shot Misses the Net.
6:55 of 2nd period - Slapshot by Matthew Nieto.
6:55 of 2nd period - Shot Misses the Net.
7:49 of 2nd period - Wrist shot by Matthew Nieto.
7:49 of 2nd period - Shot Misses the Net.
7:51 of 2nd period - Slapshot by Philip Varone.
7:51 of 2nd period - Shot Misses the Net.
8:13 of 2nd period - Snap shot by Philip Varone.
8:13 of 2nd period - Shot Misses the Net.
8:15 of 2nd period - Slapshot by David Savard.
8:15 of 2nd period - Shot Misses the Net.
8:19 of 2nd period - Penalty to Colby Robak is over, Colby Robak is back on ice.
8:49 of 2nd period - Wrist shot by Corban Knight.
8:49 of 2nd period - Shot Blocked by Esa Lindell.
8:55 of 2nd period - Wrist shot by Philip Varone.
8:55 of 2nd period - Shot Misses the Net.
8:57 of 2nd period - Snap shot by Philip Varone.
8:57 of 2nd period - Stopped by Harru Sateri with a rebound.
9:17 of 2nd period - Slapshot by Brayden McNabb.
9:17 of 2nd period - Shot Blocked by Mathieu Brodeur.
9:19 of 2nd period - Wrist shot by Brayden McNabb.
9:19 of 2nd period - Shot Misses the Net.
9:31 of 2nd period - Wrist shot by Matthew Nieto.
9:31 of 2nd period - Stopped by Harru Sateri with a rebound.
9:33 of 2nd period - Slapshot by Matthew Nieto.
9:33 of 2nd period - Goal by Matthew Nieto - Inferno : 2 - Ice Dragons : 4.
9:34 of 2nd period - Brian Boyle wins face-off versus Anders Lee in neutral zone.
9:45 of 2nd period - Slapshot by Brian Boyle.
9:45 of 2nd period - Stopped by Michael Hutchinson with a rebound.
10:01 of 2nd period - Christian Folin is hit by Adam Clendening.
10:31 of 2nd period - Adam Clendening is hit by Peter Cehlarik and loses puck.
10:42 of 2nd period - Greg Pateryn is hit by Brian Boyle and loses puck.
11:30 of 2nd period - Brian Boyle is hit by Oliver Bjorkstrand and loses puck.
13:47 of 2nd period - Brandon Kozun is hit by Colby Robak and loses puck.
14:26 of 2nd period - Adam Clendening is hit by Victor Rask and loses puck.
14:43 of 2nd period - Adam Clendening is hit by Mathieu Brodeur and loses puck.
17:26 of 2nd period - Minor Penalty to Samuel Groulx for Cross-checking.
17:27 of 2nd period - Anders Lee wins face-off versus Brian Boyle in Ice Dragons zone.
18:18 of 2nd period - Brian Boyle is hit by Tanner Pearson.
19:24 of 2nd period - Christian Folin is hit by Dmitri Orlov and loses puck.
19:26 of 2nd period - Penalty to Samuel Groulx is over, Samuel Groulx is back on ice.
Goals for this period are 2 for Inferno vs 2 for Ice Dragons.
Shots for this period are 9 for Inferno vs 7 for Ice Dragons.
3rd period
0:01 of 3rd period - Corban Knight wins face-off versus Philip Varone in neutral zone.
0:08 of 3rd period - Backhand shot by Brayden McNabb.
0:08 of 3rd period - Shot Blocked by David Savard.
0:10 of 3rd period - Snap shot by Justin Shugg.
0:10 of 3rd period - Stopped by Michael Hutchinson without a rebound.
0:11 of 3rd period - Philip Varone wins face-off versus Corban Knight in Inferno zone.
1:06 of 3rd period - Slapshot by Matthew Nieto.
1:06 of 3rd period - Stopped by Harru Sateri with a rebound.
1:18 of 3rd period - Michael Ferland is hit by Peter Cehlarik and loses puck.
1:27 of 3rd period - Snap shot by Ryan Spooner.
1:27 of 3rd period - Stopped by Harru Sateri without a rebound.
1:28 of 3rd period - Philip Varone wins face-off versus Corban Knight in Ice Dragons zone.
1:31 of 3rd period - Snap shot by Kevin Labanc.
1:31 of 3rd period - Goal by Kevin Labanc - Inferno : 3 - Ice Dragons : 4.
1:32 of 3rd period - Philip Varone wins face-off versus Corban Knight in neutral zone.
1:49 of 3rd period - Justin Shugg is hit by Philip Varone.
3:28 of 3rd period - Snap shot by Emil Pettersson.
3:28 of 3rd period - Shot Misses the Net.
3:58 of 3rd period - Bryan Rust is hit by William Carrier.
4:06 of 3rd period - Snap shot by Anders Lee.
4:06 of 3rd period - Shot Blocked by Adam Clendening.
5:18 of 3rd period - Snap shot by Victor Rask.
5:18 of 3rd period - Deflect By Matthew Nieto.
5:18 of 3rd period - Shot Misses the Net.
5:18 of 3rd period - Puck is out of play.
5:19 of 3rd period - Brian Boyle wins face-off versus Philip Varone in Ice Dragons zone.
6:11 of 3rd period - Oliver Bjorkstrand is hit by Alex Plante and loses puck.
6:26 of 3rd period - Snap shot by Brian Boyle.
6:26 of 3rd period - Shot Blocked by Philip Varone.
6:28 of 3rd period - Wrist shot by Alex Plante.
6:28 of 3rd period - Deflect By Christian Folin.
6:28 of 3rd period - Stopped by Michael Hutchinson without a rebound.
6:29 of 3rd period - Brian Boyle wins face-off versus Kevin Labanc in Inferno zone.
6:30 of 3rd period - Slapshot by Brandon Kozun.
6:30 of 3rd period - Stopped by Michael Hutchinson without a rebound.
6:31 of 3rd period - Philip Varone wins face-off versus Brian Boyle in Inferno zone.
6:58 of 3rd period - Snap shot by Kevin Labanc.
6:58 of 3rd period - Stopped by Harru Sateri without a rebound.
6:59 of 3rd period - Corban Knight wins face-off versus Anders Lee in Ice Dragons zone.
7:40 of 3rd period - Victor Rask is hit by Michael Ferland.
9:00 of 3rd period - Snap shot by Kevin Labanc.
9:00 of 3rd period - Stopped by Harru Sateri without a rebound.
9:01 of 3rd period - Sam Carrick wins face-off versus Philip Varone in Ice Dragons zone.
9:06 of 3rd period - Slapshot by Samuel Groulx.
9:06 of 3rd period - Stopped by Michael Hutchinson with a rebound.
9:08 of 3rd period - Slapshot by Dmitri Orlov.
9:08 of 3rd period - Shot Misses the Net.
9:10 of 3rd period - Slapshot by Dmitri Orlov.
9:10 of 3rd period - Stopped by Michael Hutchinson with a rebound.
9:12 of 3rd period - Snap shot by Samuel Groulx.
9:12 of 3rd period - Shot Blocked by Matt Kassian.
9:22 of 3rd period - Snap shot by Brian Boyle.
9:22 of 3rd period - Shot Blocked by Matt Kassian.
9:53 of 3rd period - Snap shot by Kevin Labanc.
9:53 of 3rd period - Shot Blocked by Corban Knight.
9:55 of 3rd period - Snap shot by Philip Varone.
9:55 of 3rd period - Shot Misses the Net.
9:57 of 3rd period - Backhand shot by Greg Pateryn.
9:57 of 3rd period - Shot Misses the Net.
9:59 of 3rd period - Wrist shot by Philip Varone.
9:59 of 3rd period - Deflect By Adam Clendening.
9:59 of 3rd period - Shot Misses the Net.
9:59 of 3rd period - Puck is out of play.
10:00 of 3rd period - Brian Boyle wins face-off versus Anders Lee in Ice Dragons zone.
10:21 of 3rd period - Esa Lindell is hit by Brian Boyle and loses puck.
10:45 of 3rd period - Slapshot by Matthew Nieto.
10:45 of 3rd period - Stopped by Harru Sateri with a rebound.
11:07 of 3rd period - Slapshot by Brayden McNabb.
11:07 of 3rd period - Shot Blocked by Colby Robak.
11:27 of 3rd period - Slapshot by Christian Folin.
11:27 of 3rd period - Shot Misses the Net.
12:26 of 3rd period - Snap shot by Anders Lee.
12:26 of 3rd period - Stopped by Harru Sateri with a rebound.
12:28 of 3rd period - Slapshot by Mathieu Brodeur.
12:28 of 3rd period - Goal by Mathieu Brodeur - Inferno : 4 - Ice Dragons : 4.
12:29 of 3rd period - Logan MacMillan wins face-off versus Anders Lee in neutral zone.
12:32 of 3rd period - Wrist shot by Corban Knight.
12:32 of 3rd period - Stopped by Michael Hutchinson with a rebound.
12:34 of 3rd period - Wrist shot by Logan MacMillan.
12:34 of 3rd period - Shot Misses the Net.
12:36 of 3rd period - Wrist shot by Brayden McNabb.
12:36 of 3rd period - Shot Misses the Net.
12:38 of 3rd period - Snap shot by Justin Shugg.
12:38 of 3rd period - Stopped by Michael Hutchinson without a rebound.
12:39 of 3rd period - Anders Lee wins face-off versus Corban Knight in Inferno zone.
13:06 of 3rd period - Wrist shot by Anders Lee.
13:06 of 3rd period - Shot Misses the Net.
13:45 of 3rd period - Snap shot by Anders Lee.
13:45 of 3rd period - Stopped by Harru Sateri without a rebound.
13:46 of 3rd period - Philip Varone wins face-off versus Brian Boyle in Ice Dragons zone.
14:11 of 3rd period - Juho Lammikko is hit by Matthew Nieto.
14:55 of 3rd period - Tyler Shattock is hit by Brian Boyle and loses puck.
15:18 of 3rd period - Corban Knight is hit by Matt Kassian and loses puck.
15:41 of 3rd period - Off-side.
15:42 of 3rd period - Corban Knight wins face-off versus Victor Rask in neutral zone.
15:54 of 3rd period - Icing by David Savard.
15:55 of 3rd period - Emil Pettersson wins face-off versus Philip Varone in Inferno zone.
15:58 of 3rd period - Slapshot by Emil Pettersson.
15:58 of 3rd period - Shot Misses the Net.
16:00 of 3rd period - Snap shot by Emil Pettersson.
16:00 of 3rd period - Stopped by Michael Hutchinson with a rebound.
16:06 of 3rd period - Snap shot by Juho Lammikko.
16:06 of 3rd period - Deflect By Emil Pettersson.
16:06 of 3rd period - Stopped by Michael Hutchinson with a rebound.
16:08 of 3rd period - Slapshot by Kevin Connauton.
16:08 of 3rd period - Stopped by Michael Hutchinson with a rebound.
16:10 of 3rd period - Snap shot by Juho Lammikko.
16:10 of 3rd period - Shot Blocked by Esa Lindell.
16:20 of 3rd period - Esa Lindell is hit by Chris Wagner and loses puck.
16:49 of 3rd period - Wrist shot by Corban Knight.
16:49 of 3rd period - Stopped by Michael Hutchinson without a rebound.
16:50 of 3rd period - Anders Lee wins face-off versus Sam Carrick in Inferno zone.
16:52 of 3rd period - Minor Penalty to Colby Robak for Hooking.
16:53 of 3rd period - Philip Varone wins face-off versus Brian Boyle in Inferno zone.
18:04 of 3rd period - Esa Lindell is hit by Brayden McNabb and loses puck.
18:41 of 3rd period - Slapshot by Brayden McNabb.
18:41 of 3rd period - Stopped by Michael Hutchinson with a rebound.
18:43 of 3rd period - Slapshot by Brayden McNabb.
18:43 of 3rd period - Stopped by Michael Hutchinson without a rebound.
18:44 of 3rd period - Brian Boyle wins face-off versus Victor Rask in Inferno zone.
18:51 of 3rd period - Slapshot by Dmitri Orlov.
18:51 of 3rd period - Deflect By Mathieu Brodeur.
18:51 of 3rd period - Goal by Dmitri Orlov - Inferno : 4 - Ice Dragons : 5.
18:52 of 3rd period - Brian Boyle wins face-off versus Anders Lee in neutral zone.
18:59 of 3rd period - Wrist shot by Brandon Kozun.
18:59 of 3rd period - Shot Misses the Net.
19:05 of 3rd period - Inferno, Michael Hutchinson is pulled from the net.
19:11 of 3rd period - Wrist shot by Bryan Rust.
19:11 of 3rd period - Shot Misses the Net.
19:24 of 3rd period - Icing by Sam Carrick.
19:25 of 3rd period - Brian Boyle wins face-off versus Anders Lee in Ice Dragons zone.
Goals for this period are 2 for Inferno vs 1 for Ice Dragons.
Shots for this period are 9 for Inferno vs 14 for Ice Dragons.
Back to the Top